 Dungeon Sprint DCSS version 0.22.1-1-ga44c0e5 (webtiles) character file.

0 aMcNicky the Firebug (level 1, -1/11 HPs)
             Began as an Octopode Fire Elementalist on Nov 10, 2018.
             Was an Initiate of Vehumet.
             Splashed by a jelly's acid (8 damage)
             ... in the Dungeon (Sprint V: "Ziggurat Sprint").
             The game lasted 00:01:40 (76 turns).

aMcNicky the Firebug (Octopode Fire Elementalist)     Turns: 76, Time: 00:01:40

Health: -1/11      AC: -3    Str: 19    XL:     1   Next: 0%
Magic:  3/3        EV:  6    Int: 29    God:    Vehumet [......]
Gold:   0          SH: 26    Dex: 24    Spells: 3/4 levels left

rFire    . . .     SeeInvis .   D - +6 shillelagh "Devastator" {shatter}
rCold    . . .     Gourm    .   C - +18 shield of the Gong {rElec rN+ MR+ EV-5}
rNeg     + . .     Faith    .   (helmet restricted)
rPois    .         Spirit   .   (no amulet)
rElec    +         Reflect  .   x - +6 ring of dexterity
rCorr    .         Harm     .   X - +6 ring of dexterity
MR       +....     NoTele   +   s - +6 ring of strength
Stlth    ++++......             S - +6 ring of strength
HPRegen  0.03/turn              i - +6 ring of intelligence
MPRegen  0.08/turn              I - +6 ring of intelligence
                                (no ring)
                                (no ring)

@: corroded
A: almost no armour, stealthy swim, amphibious, 8 rings, constrict 8, camouflage
1, gelatinous body 1
a: Renounce Religion


You were in the Dungeon.
You worshipped Vehumet.
Vehumet was noncommittal.
You were not hungry.

You visited 1 branch

Inventory:

Hand Weapons
 B - the +6 Majin-Bo {vamp, Archmagi MP+6 Int+6}
   (You found it in the Dungeon)

   It inflicts no extra harm, but heals its wielder when it wounds a living foe.
   It affects your intelligence (+6).
   It affects your magic capacity (+6).
 D - the +6 shillelagh "Devastator" (weapon) {shatter}
   (You found it in the Dungeon)
Armour
 C - the +18 shield of the Gong (worn) {rElec rN+ MR+ EV-5}
   (You found it in the Dungeon)

   It affects your evasion (-5).
   It insulates you from electricity.
   It protects you from negative energy.
   It affects your resistance to hostile enchantments.
Magical Staves
 w - an uncursed staff of energy
Jewellery
 i - a +6 ring of intelligence (on tentacle)
 s - a +6 ring of strength (on tentacle)
 x - a +6 ring of dexterity (left tentacle)
 I - a +6 ring of intelligence (on tentacle)
 S - a +6 ring of strength (on tentacle)
 X - a +6 ring of dexterity (right tentacle)
Wands
 t - a wand of disintegration (7)
 u - a wand of iceblast (7)
 v - a wand of acid (7)
Scrolls
 h - 4 scrolls of blinking
 n - 4 scrolls of amnesia
 o - 7 scrolls of fog
 p - a scroll of holy word
 q - 5 scrolls of identify {@r1}
 r - 5 scrolls of remove curse {@r2}
 A - 2 scrolls of fear
Potions
 a - 2 potions of brilliance
 c - 10 potions of curing {@q1}
 d - 10 potions of heal wounds {@q2}
 e - 6 potions of haste {@q3}
 f - 7 potions of magic
 g - 3 potions of berserk rage
 j - 4 potions of resistance
 k - a potion of experience
 l - 5 potions of agility
 m - 5 potions of might
 z - 2 potions of invisibility
Miscellaneous
 y - a crystal ball of energy
Comestibles
 b - 7 rations {@e1}


   Skills:
 + Level 0.0 Fighting
 + Level 0.0 Maces & Flails
 + Level 2.0 Dodging
 - Level 2.6 Stealth
 + Level 0.0 Shields
 + Level 2.0 Spellcasting
 + Level 1.0 Conjurations
 + Level 3.0 Fire Magic


You had 3 spell levels left.
You knew the following spells:

 Your Spells              Type           Power        Failure   Level  Hunger
a - Flame Tongue          Conj/Fire      ##...        26%         1    None

Your spell library contained the following spells:

 Spells                   Type           Power        Failure   Level  Hunger
 Throw Flame              Conj/Fire      ##....       36%         2    ##.....
 Conjure Flame            Conj/Fire      ##......     61%         3    ###....
 Inner Flame              Hex/Fire       ##......     67%         3    ###....
 Sticky Flame             Conj/Fire      ##......     95%         4    ####...
 Fireball                 Conj/Fire      ##........   100%        5    ######.


Dungeon Overview and Level Annotations

Branches:
Dungeon (1/1)

Altars:
Ashenzari
Cheibriados
Dithmenos
Elyvilon
Fedhas
Gozag
Hepliaklqana
Kikubaaqudgha
Makhleb
Nemelex Xobeh
Okawaru
Qazlal
Ru
Sif Muna
Trog
Uskayaw
Vehumet
Wu Jian
Xom
Yredelemnul
Zin
The Shining One
Beogh
Jiyva
Lugonu

Annotations:
D 1 transporter


Innate Abilities, Weirdness & Mutations

You cannot wear most types of armour.
You are very stealthy in the water. (Stealth+)
You are amphibious.
You can wear up to eight rings at the same time.
You can use your tentacles to constrict eight enemies at once.
Your skin changes colour to match your surroundings (Stealth+).
Your rubbery body absorbs attacks. (AC +1, EV +1)


Message History

You curl up in front of the altar of Vehumet.
Vehumet welcomes you!
Unknown command.
Press < or > to pray at altars.
There is a transporter here.
Welcome to arena 1.
You enter the transporter and appear at another place.
An ooze and a jelly come into view.
Found a lamp of fire and the +5 ring mail "Huhyppinu" {rC- rN++ rCorr Dex+4}.
Found a transporter.
The helpless jelly fails to defend itself.
You sock the jelly!
The jelly shudders.
The jelly is almost dead.
Your tentacles burn!
The jelly is almost dead.
The ooze quivers.
The jelly hits you. The acid corrodes you!
You are splashed with acid!
The acid burns!
Ouch! That really hurt!
You die...

▓▓▓▓▓▓▓
▓.8©8.▓
▓.....▓
▓.J.J.▓
▓..@..▓
▓.....▓
▓..©..▓
▓▓▓▓▓▓▓


You could see a jelly and an ooze.

Vanquished Creatures (others)
  2 spatial maelstroms (D)
2 creatures vanquished.

Notes
Turn   | Place    | Note
-------+----------+-------------------------------------------
     0 | D        | Found the +6 Majin-Bo {vamp, Archmagi MP+6 Int+6}
     0 | D        | Found the +7 great mace "Firestarter" {inner flame, rF++}
     0 | D        | aMcNicky the Octopode Fire Elementalist began the quest for
                  | the Orb.
     0 | D        | Reached XP level 1. HP: 11/11 MP: 3/3
     0 | D        | Found a deep blue altar of Sif Muna.
     0 | D        | Found a sacrificial altar of Ru.
     0 | D        | Found a bloodstained altar of Trog.
     0 | D        | Found a stormy altar of Qazlal.
     0 | D        | Found an iron altar of Okawaru.
     0 | D        | Found a sparkling altar of Nemelex Xobeh.
     0 | D        | Found a blossoming altar of Fedhas.
     2 | D        | Found a transporter.
     2 | D        | Found an ancient bone altar of Kikubaaqudgha.
     2 | D        | Found a viscous altar of Jiyva.
     2 | D        | Found a corrupted altar of Lugonu.
     2 | D        | Found a hazy altar of Hepliaklqana.
     2 | D        | Found a burning altar of Makhleb.
     2 | D        | Found an opulent altar of Gozag.
     5 | D        | Banished a spatial maelstrom
     8 | D        | Banished a spatial maelstrom
    19 | D        | Found the +9 heavy crossbow "Sniper" {velocity, Acc+∞ SInv}
    19 | D        | Found the +10 dark maul {crush}
    19 | D        | Found the +15 Maxwell's patent armour {-Cast -Tele rElec
                  | MR+ rCorr}
    19 | D        | Found the +18 shield of the Gong {rElec rN+ MR+ EV-5}
    19 | D        | Found the cursed +14 obsidian axe {chop, +Fly SInv *Curse}
    21 | D        | Found the +6 shillelagh "Devastator" {shatter}
    21 | D        | Found the +11 plutonium sword {*Contam Stlth-}
    21 | D        | Found the +8 lance "Wyrmbane" {slay drac, rPois rF+ rC+
                  | AC+3}
    21 | D        | Found the +9 sword of Zonguldrok {reap}
    21 | D        | Found the cursed +13 scythe of Curses {drain, *Curse}
    21 | D        | Found the +0 sword of Power
    21 | D        | Found the +7 mace of Variability {chain chaos}
    21 | D        | Found the +7 Singing Sword
    21 | D        | Found the +7 longbow "Piercer" {penet, EV-2}
    60 | D        | Became a worshipper of Vehumet
    73 | D        | Entered arena 2.
    73 | D        | Noticed a jelly
    73 | D        | Found a transporter.
    76 | D        | Splashed by a jelly's acid

Action                   || total
-------------------------++-------
Melee: Shillelagh        ||     1
 Stab: Sleeping          ||     1
